 Dungeon Crawl Stone Soup version 0.28-a0-664-gc179e30c89 (webtiles) character file.

Game seed: 9317670032635379107

368 lawman0 the Chopper (level 6, 0/53 HPs)
             Began as a Minotaur Monk on Oct 16, 2021.
             Succumbed to a scorpion's poison
             ... on level 3 of the Dungeon.
             The game lasted 00:03:40 (4756 turns).

lawman0 the Chopper (Minotaur Monk)                 Turns: 4756, Time: 00:03:41

Health: 0/53       AC:  5    Str: 14 (17) XL:     6   Next: 41%
Magic:  5/5        EV: 11    Int:  4 (7)  God:
Gold:   101        SH:  0    Dex: 11 (13) Spells: 5/5 levels left

rFire   . . .      SeeInvis .   a - +1 hand axe
rCold   . . .      Faith    .   (no shield)
rNeg    . . .      Spirit   .   d - +0 ring mail
rPois   .          Reflect  .   (helmet restricted)
rElec   .          Harm     .   (no cloak)
rCorr   .          Rampage  .   (no gloves)
Will    .....                   (no boots)
Stlth   +.........              (no amulet)
HPRegen 0.17/turn               (no ring)
MPRegen 0.09/turn               (no ring)

@: lethally poisoned (0 -> -18)
A: horns 2, retaliatory headbutt
a: no special abilities


You were on level 3 of the Dungeon.
You visited 1 branch of the dungeon, and saw 4 of its levels.

You collected 101 gold pieces.

Inventory:

Hand Weapons
 a - a +1 hand axe (weapon)
 c - a +0 antimagic hand axe
Missiles
 f - 2 silver javelins (quivered)
 g - 49 bolts
Armour
 d - a +0 ring mail (worn)
Wands
 i - a wand of iceblast (3)
Scrolls
 e - a scroll of identify {unknown}


   Skills:
 + Level 4.6 Fighting
 * Level 6.6 Axes
 + Level 3.1 Armour
 + Level 4.1 Dodging
 + Level 2.1 Stealth


You had 5 spell levels left.
You didn't know any spells.
Your spell library contained the following spells:

 Spells                   Type           Power      Damage    Failure   Level
 Magic Dart               Conj           0%         1d3       75%         1
 Call Imp                 Summ           0%         N/A       86%         2
 Mephitic Cloud           Conj/Pois/Air  0%         N/A       98%         3


Dungeon Overview and Level Annotations

Branches:
Dungeon (4/15)
 Temple: D:4-7

Altars:

Annotations:
D:4 Edmund


Innate Abilities, Weirdness & Mutations

You have a pair of horns on your head.
You reflexively headbutt those who attack you in melee.


Message History

You hit the hound.
You kill the hound!
You closely miss the scorpion. The scorpion stings you.
You are too injured to fight recklessly!
You are too injured to fight recklessly!
You are too injured to fight recklessly!
You are too injured to fight recklessly!
You are too injured to fight recklessly!
You are too injured to fight recklessly!
You hit the scorpion.
The scorpion is moderately wounded.
The scorpion barely misses you. You furiously retaliate!
You headbutt the scorpion. You closely miss the scorpion.
The scorpion is heavily wounded.
The scorpion stings you but does no damage.
You are too injured to fight recklessly!
You barely miss the scorpion.
The scorpion is heavily wounded.
The scorpion stings you.
You are poisoned.
The scorpion poisons you!
You are too injured to fight recklessly!
You hit the scorpion but do no damage.
The scorpion is heavily wounded.
You feel sick. The scorpion stings you. x2
* * * LOW HITPOINT WARNING * * *
You are lethally poisoned!
The scorpion poisons you!
You are too injured to fight recklessly!
You hit the scorpion but do no damage.
The scorpion is heavily wounded.
* * * LOW HITPOINT WARNING * * *
You feel very sick. The scorpion stings you.
* * * LOW HITPOINT WARNING * * *
You are too injured to fight recklessly!
You closely miss the scorpion. You headbutt the scorpion.
The scorpion is severely wounded.
You die...

.......#
#...........#
.....#.#
###########.#
####.#.# #>#
#.#.###########
#.#
#.#.#.........#
#.#
#.#.#.#######.#
#.# #.#...# #.#
#.# ####.##..####
#.# #.######
............#
#@######......#
#######.###.#
#.s...#######.##
#.##..#
#..............###
#.##.##
#.................
#.##.#
#.....##..........
#.##.#
#.....##.####..##.
#.##.# ###.####.#
#..##.
#######.##.# #.#
#)# #...#.
).....<.##.# ###.#
#.# #.#.#.


You could see a scorpion.

Vanquished Creatures
  2 orc priests (D:3)
  2 hounds
  4 orc wizards (D:3)
  Ijyb (D:4)
  A howler monkey skeleton (D:4)
  3 adders
  2 worms
  2 dart slugs
  8 orcs (D:3)
  6 bats
  5 endoplasms
  A giant cockroach (D:1)
  7 goblins
  4 hobgoblins
  8 jackals
  3 quokkas (D:1)
  4 ball pythons
  8 frilled lizards
  4 kobolds
  5 rats
80 creatures vanquished.

Vanquished Creatures (others)
  3 fungi (D:1)
3 creatures vanquished.

Grand Total: 83 creatures vanquished

Notes
Turn   | Place    | Note
-------+----------+-------------------------------------------
     0 | D:1      | lawman0 the Minotaur Monk began the quest for the Orb.
     0 | D:1      | Reached XP level 1. HP: 19/19 MP: 0/0
   149 | D:1      | Reached skill level 4 in Axes
   151 | D:1      | Reached XP level 2. HP: 6/27 MP: 1/1
   731 | D:1      | Found a faded altar of an unknown god.
  1199 | D:1      | Reached XP level 3. HP: 33/33 MP: 2/2
  2796 | D:3      | Reached skill level 5 in Axes
  2796 | D:3      | Reached skill level 1 in Armour
  2796 | D:3      | Reached XP level 4. HP: 8/37 MP: 3/3
  3169 | D:3      | Reached XP level 5. HP: 13/46 MP: 4/4
  3706 | D:3      | Reached skill level 6 in Axes
  4236 | D:3      | Reached XP level 6. HP: 53/53 MP: 5/5
  4275 | D:4      | Noticed Ijyb
  4289 | D:4      | Killed Ijyb
  4428 | D:4      | Noticed Edmund
  4756 | D:3      | Succumbed to a scorpion's poison

Illustrated notes

Levels and vault maps discovered:
D:1:      tarquinn_simple_flora_water_d, layout_loops_ring,
          dreamdust_ecumenical_altar_grove, hangedman_feature_mirror,
          minmay_hedge_maze
D:2:      layout_basic, minivault_24
D:3:      layout_loops_ring
D:4:      layout_rooms, minmay_bent, uniq_edmund, uniq_ijyb

Skill      XL: |  1  2  3  4  5  6 |
---------------+-------------------+-----
Axes           | 4 5 6 |  6.6
Fighting       | 4 |  4.6
Armour         | 1 2 3 |  3.1
Dodging        | 4 |  4.1
Stealth        | 2 |  2.1

Action                   |  1- 3 |  4- 6 || total
-------------------------+-------+-------++-------
Melee: Hand axe          |   101 |   155 ||   256
       Headbutt          |    15 |    33 ||    48
  Use: Potion            |     2 |     1 ||     3
       Scroll            |       |     3 ||     3
 Stab: Sleeping          |     2 |     3 ||     5
Armor: Robe              |    11 |       ||    11
       Ring mail         |    19 |    45 ||    64
Dodge: Dodged            |    50 |    96 ||   146

Table legend: (Time is in decaauts)
 A = Elapsed time spent in this place.
 B = Non-inter-level travel time spent in this place.
 C = Inter-level travel time spent in this place.
 D = Time resting spent in this place.
 E = Time spent auto-exploring this place.
 F = Levels seen in this place.
 G = Mean time per level.
                   A        B        C        D        E       F      G
               +--------+--------+--------+--------+--------+-----+--------+
         Total |   4754 |   4479 |    275 |    768 |   3067 |   4 | 1188.5 |
       Dungeon |   4754 |   4479 |    275 |    768 |   3067 |   4 | 1188.5 |
               +--------+--------+--------+--------+--------+-----+--------+

Top non-repeatable levels by time:
     D:3: 1831 daAuts
     D:1: 1497 daAuts
     D:2: 1218 daAuts
     D:4: 208 daAuts
